 Dungeon Crawl Stone Soup version 0.30.1-3-gfc49f6343a (webtiles) character file.

Game seed: 5314445264556723593

102 bmack86 the Chopper (level 4, 0/39 HPs)
             Began as a Minotaur Fighter on Aug 8, 2023.
             Slain by a gnoll
             ... wielding a +0 halberd
              (5 damage)
             ... on level 2 of the Dungeon.
             The game lasted 00:02:46 (1391 turns).

bmack86 the Chopper (Minotaur Fighter)              Turns: 1391, Time: 00:02:47

Health: 0/39       AC:  9    Str: 22    XL:     4   Next: 49%
Magic:  3/3        EV:  8    Int:  5    God:
Gold:   156        SH:  4    Dex: 10    Spells: 3/3 levels left

rFire   . . .        a - +0 war axe
rCold   . . .        c - +0 buckler
rNeg    . . .        m - +0 chain mail
rPois   .            (helmet restricted)
rElec   .            (no cloak)
rCorr   .            (no gloves)
SInv    .            (no boots)
Will    .....        (no amulet) Stlth
                     k - +4 ring of slaying
HPRegen 0.26/turn    n - ring of flight
MPRegen 0.08/turn

%: no passive effects
@: flying
A: horns 2, retaliatory headbutt
a: no special abilities


You were on level 2 of the Dungeon.
You visited 1 branch of the dungeon, and saw 2 of its levels.

You collected 156 gold pieces.

Inventory:

Hand Weapons
 a - a +0 war axe (weapon)
Missiles
 e - 2 boomerangs (quivered)
Armour
 b - a +0 scale mail
 c - a +0 buckler (worn)
 m - a +0 chain mail (worn)
Jewellery
 k - a +4 ring of slaying (left hand)
 n - a ring of flight (right hand)
Scrolls
 g - 2 scrolls of poison {unknown}
 j - a scroll of magic mapping {unknown}
 l - a scroll of silence {unknown}
 p - a scroll of identify {unknown}
Potions
 d - 3 potions of might
 f - a potion of resistance {unknown}
 h - a potion of curing {unknown}
 i - a potion of haste {unknown}
 o - 2 potions of berserk rage {unknown}


   Skills:
 - Level 3.6 Fighting
 + Level 5.8 Axes
 - Level 3.6 Armour
 - Level 3.6 Shields


You had 3 spell levels left.
You didn't know any spells.
Your spell library was empty.

Dungeon Overview and Level Annotations

Branches:
Dungeon (2/15)

Altars:
Wu Jian


Innate Abilities, Weirdness & Mutations

You have a pair of horns on your head.
You reflexively headbutt those who attack you in melee.


Message History

You see here a frilled lizard corpse.
You closely miss the gnoll. You headbutt the gnoll!
The gnoll is severely wounded.
The gnoll hits you but does no damage.
You hit the gnoll but do no damage.
The gnoll is severely wounded.
The gnoll hits you but does no damage. The gnoll closely misses you.
You hit the gnoll.
You kill the gnoll!
You block the gnoll's attack.
The gnoll hits you from afar with a +0 halberd.
The gnoll barely misses you.
You completely miss the gnoll. Your headbutt misses the gnoll.
The gnoll hits you from afar with a +0 halberd.
The gnoll hits you with a +0 club.
You hit the gnoll. Your headbutt misses the gnoll.
The gnoll is moderately wounded.
The gnoll hits you but does no damage. x2
You closely miss the gnoll. Your headbutt misses the gnoll.
The gnoll is moderately wounded.
The gnoll hits you from afar with a +0 halberd!
You block the gnoll's attack.
You hit the gnoll.
The gnoll is severely wounded.
A bat comes into view.
The gnoll hits you but does no damage. The gnoll hits you with a +0 club.
The gnoll hits you but does no damage. The gnoll barely misses you.
You slash the gnoll!
You kill the gnoll!
The gnoll hits you from afar with a +0 halberd.
You closely miss the gnoll. You slash the bat!
You kill the bat!
The gnoll hits you from afar with a +0 halberd!
* * * LOW HITPOINT WARNING * * *
The gnoll hits you with a +0 flail.
* * * LOW HITPOINT WARNING * * *
You slash the gnoll!
You kill the gnoll!
The gnoll hits you from afar with a +0 halberd.
You die...

.### ##..#......## ##.## ...#
#....._....### #.>## ...#
#........#...######..# ...###
###......###.....###.##
.....##### #.###### #####....†..
...†.....####..# #.......
...##.##...##..## #.......
...##.####......#### #.......
...........##..†@r.## #.......
#..........##.#.##g.#############
...........##.#...#........
#..........##.##.P.........
#..........##.##P$$g.....>.
#..........##...P$$$.....<.
###############.P$$$P......
#.P..P....... #..##########


You could see a gnoll and a rat.

Vanquished Creatures
  3 gnolls (D:2)
  3 adders (D:2)
  A worm (D:2)
  A dart slug (D:2)
  2 ball pythons (D:1)
  9 endoplasms
  2 giant cockroaches
  3 goblins (D:1)
  7 hobgoblins
  4 kobolds
  A quokka (D:2)
  4 bats
  3 frilled lizards
  2 rats (D:2)
45 creatures vanquished.

Notes
Turn   | Place    | Note
-------+----------+-------------------------------------------
     0 | D:1      | bmack86 the Minotaur Fighter began the quest for the Orb.
     0 | D:1      | Reached XP level 1. HP: 19/19 MP: 0/0
    27 | D:1      | Reached skill level 3 in Axes
    49 | D:1      | Reached XP level 2. HP: 23/26 MP: 1/1
   396 | D:1      | Reached skill level 4 in Axes
  1025 | D:2      | Reached XP level 3. HP: 31/31 MP: 2/2
  1052 | D:2      | Found an ornate altar of the Wu Jian Council.
  1107 | D:2      | Reached skill level 5 in Axes
  1235 | D:2      | Reached XP level 4. HP: 28/39 MP: 3/3
  1391 | D:2      | Slain by a gnoll

Illustrated notes

Levels and vault maps discovered:
D:1:      dpeg_arrival_rhombi, layout_basic, chequers_arboretum,
          minmay_crystal_room
D:2:      layout_rooms, basic_altar, minmay_gold_behind_fungi,
          minmay_misc_feat_chi, serial_bayou_pond_b

Skill      XL: |  1  2  3 |
---------------+----------+-----
Axes           | 3 4 5 |  5.8
Fighting       | |  3.6
Armour         | |  3.6
Shields        | |  3.6

Action                     |  1- 3 |  4- 6 || total
---------------------------+-------+-------++-------
  Melee: War axe           |    58 |    25 ||    83
         Headbutt          |     4 |     2 ||     6
  Throw: Boomerang         |    15 |       ||    15
 Armour: Scale mail        |     7 |       ||     7
         Chain mail        |    19 |    14 ||    33
  Dodge: Dodged            |    34 |     4 ||    38
  Block: Buckler           |    20 |     5 ||    25
